 Dungeon Crawl Stone Soup version 0.28.0-47-ge53b351184 (webtiles) character file.

Game seed: 10387007552530737677

219 pkoi the Insei (level 5, -1/42 HPs)
             Began as a Demigod Fighter on May 3, 2022.
             Slain by an orc warrior
             ... wielding a +0 scimitar
              (14 damage)
             ... on level 3 of the Dungeon.
             The game lasted 00:04:46 (4595 turns).

pkoi the Insei (Demigod Fighter)                    Turns: 4595, Time: 00:04:47

Health: -1/42      AC:  8    Str: 17    XL:     5   Next: 36%
Magic:  7/7        EV:  9    Int: 10    God:
Gold:   146        SH:  5    Dex: 17    Spells: 4/4 levels left

rFire   . . .      SeeInvis .     - Unarmed
rCold   . . .      Faith    .   b - +0 buckler
rNeg    . . .      Spirit   .   a - +0 scale mail
rPois   .          Reflect  .   f - +0 helmet
rElec   .          Harm     .   (no cloak)
rCorr   .          Rampage  .   (no gloves)
Will    .....                   (no boots)
Stlth   ..........              (no amulet)
HPRegen 0.14/turn               (no ring)
MPRegen 0.10/turn               (no ring)

@: no status effects
A: high MP 1, forlorn, divine attributes
a: no special abilities


You were on level 3 of the Dungeon.
You visited 1 branch of the dungeon, and saw 4 of its levels.

You collected 146 gold pieces.

Inventory:

Hand Weapons
 d - a +0 short sword
 e - a +1 dagger
Missiles
 j - 5 boomerangs (quivered)
Armour
 a - a +0 scale mail (worn)
 b - a +0 buckler (worn)
 f - a +0 helmet (worn)
Scrolls
 g - a scroll of noise {unknown}
Potions
 c - a potion of might
 i - a potion of curing
 k - a potion of heal wounds


   Skills:
 + Level 2.7 Fighting
 + Level 3.6 Armour
 + Level 3.6 Shields
 * Level 4.0 Unarmed Combat


You had 4 spell levels left.
You didn't know any spells.
Your spell library contained the following spells:

 Spells                   Type           Power      Damage    Failure   Level
 Sandblast                Erth           0%         2d4       86%         1
 Summon Small Mammal      Summ           0%         N/A       86%         1
 Call Canine Familiar     Summ           0%         N/A       99%         3
 Summon Guardian Golem    Hex/Summ       0%         N/A       99%         3


Dungeon Overview and Level Annotations

Branches:
Dungeon (4/15)
 Temple: D:4-7

Shops:
D:2 *

Annotations:
D:4 Dowan, Duvessa


Innate Abilities, Weirdness & Mutations

You have an increased reservoir of magic. (+10% MP)
You shall have no god before yourself.
Your divine heritage dramatically boosts your attributes as you level up.


Message History

Press: ? - help, Q - select action, (/) - cycle Shift-Dir - straight line, f/p - orc warrior
Aim: an orc warrior, wielding a +0 scimitar and wearing a +0 plate armour (lightly wounded, 60% to hit)
You throw a poisoned dart.
The poisoned dart closely misses the orc warrior.
The orc warrior hits you with a +0 scimitar.
* * * LOW HITPOINT WARNING * * *
Throw: 4 darts (poison)
Press: ? - help, Q - select action, (/) - cycle Shift-Dir - straight line, f/p - orc warrior
Aim: an orc warrior, wielding a +0 scimitar and wearing a +0 plate armour (lightly wounded, 60% to hit)
You throw a poisoned dart. The poisoned dart hits the orc warrior.
The orc warrior is lightly wounded.
The orc warrior hits you but does no damage.
Throw: 3 darts (poison)
Press: ? - help, Q - select action, (/) - cycle Shift-Dir - straight line, f/p - orc warrior
Aim: an orc warrior, wielding a +0 scimitar and wearing a +0 plate armour (lightly wounded, 60% to hit)
You throw a poisoned dart.
The poisoned dart completely misses the orc warrior.
The orc warrior hits you but does no damage.
You block the orc warrior's attack.
Throw: 2 darts (poison)
Press: ? - help, Q - select action, (/) - cycle Shift-Dir - straight line, f/p - orc warrior
Aim: an orc warrior, wielding a +0 scimitar and wearing a +0 plate armour (lightly wounded, 60% to hit)
You throw a poisoned dart. The poisoned dart hits the orc warrior.
The orc warrior is poisoned.
The orc warrior is lightly wounded.
The orc warrior barely misses you.
Throw: dart (poison)
Press: ? - help, Q - select action, (/) - cycle Shift-Dir - straight line, f/p - orc warrior
Aim: an orc warrior, wielding a +0 scimitar and wearing a +0 plate armour (lightly wounded, poisoned, 60% to hit)
You throw a poisoned dart.
The poisoned dart barely misses the orc warrior.
The orc warrior hits you with a +0 scimitar.
* * * LOW HITPOINT WARNING * * *
Throw: 5 boomerangs
Press: ? - help, Q - select action Shift-Dir - straight line, f/p - orc warrior
Aim: an orc warrior, wielding a +0 scimitar and wearing a +0 plate armour (lightly wounded, poisoned, 60% to hit)
You throw a boomerang.
The boomerang closely misses the orc warrior.
The orc warrior hits you with a +0 scimitar!
You die...

##..##########.#.##........#####.
......########.#[##........#.....
##..#.........[.[..........#.....
#..#.......##.#.##........#.....
##..#.......##...##........#.....
..<.#.......###..##........#####'
###.#.......# #..##............#.
#.#.......# ##.##.......###.##.
#.#.......# #@##.......#....#.
###.#.......# #o##.......#.#..#.
....#.......####.##########.#..##
#####...........># ##.#..#
.....[#...(.########### #..#..#
#######.....##........####'######
#.....##.######†+.......'.#
#.....##.# #..#.#...#.#..
########.# #.##.#._.#.#..


You could see an orc warrior (poisoned).

Vanquished Creatures
  3 orc wizards (D:3)
  4 adders
  An adder skeleton (D:4)
  2 worms
  4 dart slugs
  9 orcs (D:3)
  2 endoplasms
  4 giant cockroaches
  3 hobgoblins
  7 jackals
  7 kobolds
  4 quokkas
  7 ball pythons
  8 bats
  5 frilled lizards
  3 goblins
  11 rats
84 creatures vanquished.

Vanquished Creatures (others)
  2 plants
2 creatures vanquished.

Grand Total: 86 creatures vanquished

Notes
Turn   | Place    | Note
-------+----------+-------------------------------------------
     0 | D:1      | pkoi the Demigod Fighter began the quest for the Orb.
     0 | D:1      | Reached XP level 1. HP: 18/18 MP: 3/3
    59 | D:1      | Reached skill level 2 in Unarmed Combat
   380 | D:1      | Reached XP level 2. HP: 25/25 MP: 4/4
   943 | D:1      | Reached XP level 3. HP: 30/30 MP: 5/5
  1734 | D:2      | Found Ypieti's Assorted Antiques.
  1742 | D:2      | Reached skill level 3 in Unarmed Combat
  2144 | D:2      | Reached XP level 4. HP: 35/37 MP: 6/6
  2502 | D:3      | Got Plato's Tome of the Rocks
  3843 | D:3      | Reached XP level 5. HP: 33/42 MP: 7/7
  4328 | D:4      | Noticed Dowan
  4337 | D:4      | Noticed Duvessa
  4351 | D:3      | Reached skill level 4 in Unarmed Combat
  4577 | D:4      | Noticed an orc warrior
  4595 | D:3      | Slain by an orc warrior

Illustrated notes

Levels and vault maps discovered:
D:1:      lightli_arrival_windingriver, layout_loops_ring
D:2:      layout_rooms, serial_shops, nicolae_shop_advertising_works
          [nicolae_subvault_shop_adworks], basic_altar, serial_glass,
          glass_columns_a, glass_columns_a, glass_columns_a, glass_columns_c,
          glass_columns_a, glass_columns_a
D:3:      layout_basic, mainiacjoe_overflow_six_doors_small,
          grunt_gozag_statues, worldfamousw_hep_ancestral_shrine,
          shapermc_ecumenical_altar_rom_forum, chequers_serial_rivers_micro_a
D:4:      wad_lake_hut, layout_basic, nicolae_overflow_hidden_temple,
          minivault_5, serial_park_tiny_2, uniq_duvessa

Skill      XL: |  1  2  3  4  5 |
---------------+----------------+-----
Unarmed Combat | 2 3 4 |  4.0
Armour         | 3 |  3.6
Shields        | 3 |  3.6
Fighting       | |  2.7

Action                   |  1- 3 |  4- 6 || total
-------------------------+-------+-------++-------
Melee: Unarmed           |   203 |   142 ||   345
Throw: Dart              |       |    30 ||    30
       Boomerang         |       |     1 ||     1
  Use: Scroll            |     1 |     4 ||     5
Armor: Scale mail        |   105 |    57 ||   162
Dodge: Dodged            |   101 |    43 ||   144
Block: Buckler           |    43 |    27 ||    70
